Warning! The script has encountered some errors when parsing the replay. Please report them to the . » details
          0x00, prev: 0x16: 16 02 07 00 B3 98 00 00 D2 15 01 00 3C 4F 00 00 9D 08 07 00 CA A2 00 00 4F 58 08 00 79 A9 00 00 79 58 08 00 12 BC 00 00 D3 9F 07 00 92 C5 00 00 11 C4 0F 00 47 C8 00 00 AD CE 0F 00 [00] 00 00 00 00 00 00 00 00 00 00 00 00 00 00 00 00 00 00 00 00 00 00 00 00 00 
0x00, prev: 0x00: 16 02 07 00 B3 98 00 00 D2 15 01 00 3C 4F 00 00 9D 08 07 00 CA A2 00 00 4F 58 08 00 79 A9 00 00 79 58 08 00 12 BC 00 00 D3 9F 07 00 92 C5 00 00 11 C4 0F 00 47 C8 00 00 AD CE 0F 00 00 00 00 00 00 00 00 00 00 00 00 00 00 00 00 00 00 00 00 00 00 00 00 00 [00] 00 
0x00, prev: 0x05: 16 02 06 00 B3 98 00 00 D2 15 01 00 3C 4F 00 00 9D 08 07 00 CA A2 00 00 4F 58 08 00 79 A9 00 00 79 58 08 00 12 BC 00 00 D3 9F 07 00 64 BD 00 00 DD 2C 07 00 00 00 00 00 00 00 00 00 00 00 00 00 00 00 00 00 00 00 00 00 00 00 00 00 05 [00] 
        General information
			
			
        
        - name: BNet
 
        - type: Ladder team game (AT/RT)
 
        - host: Battle.net
 
        - saver: brucewillisusa
 
        
map: Friends 
        - players: 8
 
        - length: 32:15
 
        - speed: Fast
 - version: 1.22 W3XP
 - replay type:  Public
 
» download(222 KB)
Players
        team 1 (winner) 
              
              
Spoons (
green | 44 APM | 1431 actions | 32:14)
              
 8 Blademaster 
 3 Wind Walk
 3 Critical Strike
 1 Bladestorm
 1 Mirror Image
 
                » actions 
                
                | Assign group hotkey | 42 |  | 
| Build / train | 83 |  | 
| Enter build submenu | 22 |  | 
| Enter hero's abilities submenu | 8 |  | 
| Remove unit from queue | 4 |  | 
| Right click | 652 |  | 
| Select / deselect | 448 |  | 
| Select group hotkey | 71 |  | 
| Use ability | 101 |  | 
                1431 total
 » units 
                
                | Peon | 14 |  | 
| Wind Rider | 6 |  | 
| Goblin Sapper | 1 |  | 
| Raider | 3 |  | 
| Goblin Zeppelin | 2 |  | 
| Tauren | 10 |  | 
| Troll Batrider | 9 |  | 
                45 total
 » upgrades
                
                | Ranged Weapons | 1 |  | 
| Ensnare | 1 |  | 
| Armor | 2 |  | 
| Pulverize | 1 |  | 
| Melee Weapons | 1 |  | 
| Liquid Fire | 1 |  | 
                7 total
 » buildings
                
                | War Mill | 1 |  | 
| Altar of Storms | 1 |  | 
| Orc Burrow | 8 |  | 
| Stronghold | 1 |  | 
| Watch Tower | 2 |  | 
| Beastiary | 2 |  | 
| Voodoo Lounge | 1 |  | 
| Fortress | 1 |  | 
| Tauren Totem | 2 |  | 
| Great Hall | 1 |  | 
                20 total
 » build order
                00:08 War Mill
00:11 Altar of Storms
00:23 Orc Burrow
02:04 Stronghold
02:29 Watch Tower
02:36 Orc Burrow
03:35 Watch Tower
04:32 Beastiary
04:38 Beastiary
05:06 Voodoo Lounge
05:32 Orc Burrow
08:39 Orc Burrow
11:02 Orc Burrow
11:54 Fortress
13:56 Orc Burrow
13:57 Orc Burrow
14:19 Tauren Totem
14:46 Tauren Totem
17:03 Great Hall
29:53 Orc Burrow
» items
                
                | Lesser Clarity Potion | 4 |  | 
| Healing Salve | 4 |  | 
| Scroll of Speed | 1 |  | 
| Potion of Healing | 2 |  | 
| Scroll of Town Portal | 3 |  | 
| Orb of Lightning | 1 |  | 
| Tiny Great Hall | 1 |  | 
                16 total
  
               
              
              
brucewillisusa (
purple | 63 APM | 2033 actions | 32:15)
              
 8 Blood Mage 
 3 Flame Strike
 3 Siphon Mana
 1 Summon Phoenix
 1 Banish
 
                » actions 
                
                | Assign group hotkey | 65 |  | 
| Basic commands | 52 |  | 
| Build / train | 112 |  | 
| ESC pressed | 1 |  | 
| Enter build submenu | 62 |  | 
| Enter hero's abilities submenu | 8 |  | 
| Give item / drop item | 3 |  | 
| Right click | 698 |  | 
| Select / deselect | 284 |  | 
| Select group hotkey | 479 |  | 
| Use ability | 269 |  | 
                2033 total
 » units 
                
                | Peasant | 16 |  | 
| Goblin Shredder | 2 |  | 
| Goblin Zeppelin | 1 |  | 
| Gryphon Rider | 4 |  | 
| Goblin Sapper | 10 |  | 
                33 total
 » upgrades
                
                | Masonry | 3 |  | 
| Lumber Harvesting | 2 |  | 
| Storm Hammers | 1 |  | 
| Swords | 3 |  | 
| Armor | 3 |  | 
| Animal War Training | 1 |  | 
| Cloud | 1 |  | 
                14 total
 » buildings
                
                | Altar of Kings | 1 |  | 
| Farm | 15 |  | 
| Lumber Mill | 1 |  | 
| Arcane Vault | 2 |  | 
| Scout Tower | 110 |  | 
| Arcane Tower | 1 |  | 
| Guard Tower | 24 |  | 
| Keep | 2 |  | 
| Castle | 2 |  | 
| Town Hall | 1 |  | 
| Gryphon Aviary | 4 |  | 
| Barracks | 1 |  | 
| Blacksmith | 1 |  | 
| Arcane Sanctum | 1 |  | 
                166 total
 » build order
                00:07 Altar of Kings
00:10 Farm
00:20 Lumber Mill
00:50 Arcane Vault
01:06 Arcane Vault
01:18 Scout Tower
01:43 Farm
02:04 Arcane Tower
02:20 Scout Tower
02:22 Scout Tower
02:25 Scout Tower
02:57 Guard Tower
03:00 Scout Tower
03:02 Scout Tower
03:05 Scout Tower
03:53 Guard Tower
03:59 Scout Tower
03:59 Scout Tower
04:00 Scout Tower
04:02 Scout Tower
04:49 Keep
04:55 Guard Tower
06:28 Guard Tower
07:22 Castle
08:08 Scout Tower
08:09 Scout Tower
08:09 Scout Tower
08:10 Scout Tower
08:10 Scout Tower
08:10 Scout Tower
08:17 Town Hall
08:21 Scout Tower
08:22 Scout Tower
08:22 Scout Tower
08:23 Scout Tower
08:23 Scout Tower
08:24 Scout Tower
08:25 Scout Tower
08:25 Scout Tower
08:26 Scout Tower
09:38 Guard Tower
10:07 Guard Tower
11:09 Gryphon Aviary
11:10 Gryphon Aviary
11:49 Gryphon Aviary
12:17 Scout Tower
12:17 Scout Tower
12:18 Scout Tower
12:19 Scout Tower
12:20 Scout Tower
12:20 Scout Tower
12:49 Barracks
12:51 Gryphon Aviary
12:53 Blacksmith
13:27 Guard Tower
14:19 Farm
15:20 Farm
15:23 Farm
15:37 Guard Tower
15:38 Scout Tower
15:39 Scout Tower
15:53 Farm
15:57 Farm
15:58 Farm
15:59 Keep
16:01 Farm
16:01 Farm
17:04 Guard Tower
17:08 Guard Tower
17:16 Scout Tower
17:17 Scout Tower
17:17 Scout Tower
17:18 Scout Tower
17:19 Scout Tower
17:20 Scout Tower
17:20 Scout Tower
17:21 Scout Tower
17:22 Scout Tower
17:22 Scout Tower
18:34 Scout Tower
18:35 Scout Tower
18:36 Scout Tower
18:36 Scout Tower
18:38 Scout Tower
18:39 Scout Tower
18:40 Scout Tower
18:40 Scout Tower
18:42 Scout Tower
18:42 Scout Tower
18:43 Scout Tower
18:51 Guard Tower
19:10 Guard Tower
19:22 Guard Tower
20:16 Guard Tower
20:54 Guard Tower
22:02 Scout Tower
22:03 Scout Tower
22:04 Scout Tower
22:05 Scout Tower
22:05 Scout Tower
22:06 Scout Tower
22:07 Scout Tower
22:08 Scout Tower
22:09 Scout Tower
22:10 Scout Tower
22:10 Scout Tower
22:11 Scout Tower
22:12 Scout Tower
22:12 Scout Tower
22:13 Scout Tower
22:14 Scout Tower
22:14 Scout Tower
22:14 Scout Tower
22:48 Guard Tower
22:53 Scout Tower
22:54 Scout Tower
22:54 Scout Tower
22:55 Scout Tower
22:56 Scout Tower
22:56 Scout Tower
22:57 Scout Tower
22:58 Scout Tower
22:59 Scout Tower
22:59 Scout Tower
23:02 Scout Tower
23:02 Scout Tower
23:03 Scout Tower
23:03 Scout Tower
23:04 Scout Tower
23:04 Scout Tower
23:05 Scout Tower
23:05 Scout Tower
23:06 Scout Tower
23:07 Scout Tower
23:07 Scout Tower
23:07 Scout Tower
23:08 Scout Tower
23:09 Scout Tower
23:09 Scout Tower
23:09 Scout Tower
23:27 Castle
23:33 Arcane Sanctum
23:40 Farm
24:23 Guard Tower
24:25 Guard Tower
24:42 Farm
24:53 Guard Tower
25:21 Guard Tower
27:36 Guard Tower
28:47 Guard Tower
28:48 Scout Tower
28:49 Scout Tower
28:49 Scout Tower
28:50 Scout Tower
28:50 Scout Tower
28:51 Scout Tower
28:52 Scout Tower
28:53 Scout Tower
28:54 Scout Tower
28:54 Scout Tower
28:55 Scout Tower
29:58 Guard Tower
31:10 Guard Tower
31:12 Farm
31:14 Farm
31:15 Farm
» items
                
                | Mechanical Critter | 5 |  | 
| Scroll of Regeneration | 3 |  | 
| Potion of Healing | 2 |  | 
| Scroll of Town Portal | 5 |  | 
| Lesser Clarity Potion | 2 |  | 
| Staff of Sanctuary | 1 |  | 
| Orb of Corruption | 1 |  | 
| Scroll of Healing | 3 |  | 
| Inferno Stone | 1 |  | 
| Red Drake Egg | 1 |  | 
| Scroll of Restoration | 1 |  | 
                25 total
  
               
              
              
Marceaux (
orange | 39 APM | 1265 actions | 32:14)
              
 6 Demon Hunter 
 3 Evasion
 2 Immolation
 1 Metamorphosis
 5 Priestess of the Moon 
 3 Trueshot Aura
 2 Searing Arrows
 3 Keeper of the Grove 
 2 Thorns Aura
 1 Force of Nature
 
                » actions 
                
                | Build / train | 121 |  | 
| Enter build submenu | 28 |  | 
| Enter hero's abilities submenu | 13 |  | 
| Right click | 674 |  | 
| Select / deselect | 376 |  | 
| Use ability | 53 |  | 
                1265 total
 » units 
                
                | Wisp | 31 |  | 
| Huntress | 4 |  | 
| Archer | 19 |  | 
| Hippogryph | 18 |  | 
| Goblin Shredder | 1 |  | 
| Goblin Zeppelin | 1 |  | 
| Chimaera | 9 |  | 
                83 total
 » upgrades
                
                | Strength of the Wild | 3 |  | 
| Strength of the Moon | 3 |  | 
| Moon Armor | 3 |  | 
| Ultravision | 1 |  | 
| Reinforced Hides | 3 |  | 
| Improved Bows | 1 |  | 
| Hippogryph Taming | 1 |  | 
| Marksmanship | 1 |  | 
| Well Spring | 1 |  | 
| Corrosive Breath | 1 |  | 
                18 total
 » buildings
                
                | Altar of Elders | 1 |  | 
| Moon Well | 8 |  | 
| Ancient of War | 2 |  | 
| Hunter's Hall | 2 |  | 
| Ancient Protector | 9 |  | 
| Tree of Ages | 1 |  | 
| Ancient of Wind | 2 |  | 
| Tree of Eternity | 1 |  | 
| Tree of Life | 1 |  | 
| Chimaera Roost | 2 |  | 
| Ancient of Wonders | 1 |  | 
                30 total
 » build order
                00:14 Altar of Elders
00:28 Moon Well
00:47 Ancient of War
01:39 Hunter's Hall
01:55 Moon Well
02:46 Ancient Protector
02:54 Ancient Protector
03:36 Moon Well
04:22 Ancient Protector
04:46 Moon Well
05:16 Tree of Ages
05:46 Moon Well
07:39 Ancient of Wind
10:05 Moon Well
14:24 Tree of Eternity
14:48 Tree of Life
15:22 Moon Well
15:57 Moon Well
18:53 Ancient Protector
19:39 Ancient Protector
19:44 Ancient Protector
19:49 Ancient Protector
21:39 Ancient of Wind
21:45 Ancient of War
22:19 Hunter's Hall
22:38 Chimaera Roost
23:50 Chimaera Roost
24:36 Ancient Protector
24:41 Ancient of Wonders
25:49 Ancient Protector
» items
                 
               
              
              
» 
OrcRinds (
teal | 15 APM | 471 actions | 32:14)
              
 8 Death Knight 
 2 Death Coil
 3 Unholy Aura
 2 Death Pact
 1 Animate Dead
 
                » actions 
                
                | Basic commands | 47 |  | 
| Build / train | 72 |  | 
| Enter build submenu | 21 |  | 
| Enter hero's abilities submenu | 9 |  | 
| Right click | 12 |  | 
| Select / deselect | 233 |  | 
| Use ability | 77 |  | 
                471 total
 » units 
                
                | Acolyte | 4 |  | 
| Ghoul | 6 |  | 
| Crypt Fiend | 15 |  | 
| Frost Wyrm | 11 |  | 
                36 total
 » upgrades
                
                | Web | 1 |  | 
| Creature Attack | 3 |  | 
| Creature Carapace | 3 |  | 
| Burrow | 1 |  | 
| Freezing Breath | 1 |  | 
                9 total
 » buildings
                
                | Ziggurat | 13 |  | 
| Altar of Darkness | 1 |  | 
| Crypt | 2 |  | 
| Graveyard | 1 |  | 
| Tomb of Relics | 1 |  | 
| Nerubian Tower | 3 |  | 
| Halls of the Dead | 1 |  | 
| Spirit Tower | 5 |  | 
| Black Citadel | 1 |  | 
| Sacrificial Pit | 1 |  | 
| Boneyard | 2 |  | 
                31 total
 » build order
                01:13 Ziggurat
01:17 Altar of Darkness
01:26 Crypt
01:39 Graveyard
01:51 Tomb of Relics
02:01 Ziggurat
02:08 Nerubian Tower
02:45 Crypt
03:02 Nerubian Tower
03:53 Ziggurat
04:00 Ziggurat
05:02 Halls of the Dead
06:22 Spirit Tower
06:42 Ziggurat
07:41 Spirit Tower
09:35 Ziggurat
09:50 Black Citadel
11:37 Ziggurat
12:12 Spirit Tower
12:51 Spirit Tower
13:20 Sacrificial Pit
14:35 Boneyard
14:46 Boneyard
16:48 Ziggurat
18:21 Nerubian Tower
24:32 Ziggurat
24:37 Ziggurat
25:02 Ziggurat
25:11 Ziggurat
25:15 Ziggurat
29:16 Spirit Tower
» items
                
                | Rod of Necromancy | 1 |  | 
| Dust of Appearance | 1 |  | 
| Potion of Mana | 1 |  | 
| Potion of Healing | 1 |  | 
| Healing Wards | 1 |  | 
| Orb of Corruption | 1 |  | 
| Scroll of Town Portal | 1 |  | 
| Scroll of Healing | 1 |  | 
                8 total
  
               team 2 (loser) 
              
              
» 
White.Rice (
pink | 42 APM | 1314 actions | 31:15)
              
 4 Mountain King 
 2 Storm Bolt
 2 Bash
 
                » actions 
                
                | Assign group hotkey | 20 |  | 
| Basic commands | 17 |  | 
| Build / train | 103 |  | 
| Enter build submenu | 33 |  | 
| Enter hero's abilities submenu | 4 |  | 
| Right click | 604 |  | 
| Select / deselect | 327 |  | 
| Select group hotkey | 125 |  | 
| Use ability | 81 |  | 
                1314 total
 » units 
                
                | Peasant | 31 |  | 
| Rifleman | 28 |  | 
| Mortar Team | 18 |  | 
| Siege Engine | 2 |  | 
                79 total
 » upgrades
                
                | Gunpowder | 3 |  | 
| Armor | 3 |  | 
| Lumber Harvesting | 1 |  | 
| Flare | 1 |  | 
| Long Rifles | 1 |  | 
| Fragmentation Shards | 1 |  | 
                10 total
 » buildings
                
                | Altar of Kings | 1 |  | 
| Farm | 10 |  | 
| Blacksmith | 1 |  | 
| Barracks | 1 |  | 
| Lumber Mill | 1 |  | 
| Keep | 1 |  | 
| Town Hall | 4 |  | 
| Workshop | 2 |  | 
| Castle | 1 |  | 
| Scout Tower | 10 |  | 
| Guard Tower | 3 |  | 
                35 total
 » build order
                00:06 Altar of Kings
00:09 Farm
01:46 Blacksmith
01:51 Barracks
02:06 Farm
02:13 Farm
03:41 Farm
03:44 Farm
03:46 Farm
05:14 Farm
05:15 Farm
05:28 Lumber Mill
05:40 Keep
09:04 Farm
09:07 Farm
10:17 Town Hall
10:51 Workshop
13:50 Town Hall
13:57 Castle
14:33 Town Hall
16:36 Scout Tower
17:38 Guard Tower
17:41 Scout Tower
17:52 Scout Tower
18:06 Scout Tower
18:08 Scout Tower
18:09 Scout Tower
18:10 Scout Tower
18:13 Scout Tower
18:15 Scout Tower
18:17 Scout Tower
18:36 Guard Tower
20:37 Guard Tower
24:58 Workshop
27:31 Town Hall
» items
                
                | Scroll of Regeneration | 2 |  | 
| Scroll of Town Portal | 2 |  | 
                4 total
  
               
              
              
Casino. (
blue | 53 APM | 1652 actions | 31:11)
              
 7 Warden 
 3 Shadow Strike
 2 Blink
 1 Spirit of Vengeance
 1 Fan of Knives
 
                » actions 
                
                | Assign group hotkey | 34 |  | 
| Build / train | 119 |  | 
| Enter build submenu | 20 |  | 
| Enter hero's abilities submenu | 9 |  | 
| Give item / drop item | 1 |  | 
| Remove unit from queue | 2 |  | 
| Right click | 743 |  | 
| Select / deselect | 405 |  | 
| Select group hotkey | 223 |  | 
| Use ability | 96 |  | 
                1652 total
 » units 
                
                | Wisp | 25 |  | 
| Archer | 30 |  | 
| Hippogryph | 15 |  | 
| Faerie Dragon | 2 |  | 
| Chimaera | 7 |  | 
                79 total
 » upgrades
                
                | Strength of the Moon | 3 |  | 
| Moon Armor | 2 |  | 
| Hippogryph Taming | 1 |  | 
| Improved Bows | 1 |  | 
| Strength of the Wild | 3 |  | 
| Marksmanship | 1 |  | 
| Reinforced Hides | 1 |  | 
| Corrosive Breath | 1 |  | 
                13 total
 » buildings
                
                | Moon Well | 8 |  | 
| Altar of Elders | 1 |  | 
| Ancient of War | 1 |  | 
| Hunter's Hall | 1 |  | 
| Ancient of Wonders | 1 |  | 
| Tree of Ages | 2 |  | 
| Ancient of Wind | 2 |  | 
| Tree of Life | 1 |  | 
| Tree of Eternity | 1 |  | 
| Chimaera Roost | 3 |  | 
                21 total
 » build order
                00:11 Moon Well
00:16 Altar of Elders
00:34 Ancient of War
01:16 Moon Well
02:57 Hunter's Hall
03:50 Ancient of Wonders
04:07 Tree of Ages
04:07 Tree of Ages
04:56 Moon Well
06:52 Ancient of Wind
07:10 Ancient of Wind
08:04 Moon Well
09:09 Moon Well
10:56 Tree of Life
15:34 Tree of Eternity
15:51 Moon Well
24:13 Chimaera Roost
24:15 Chimaera Roost
24:21 Chimaera Roost
25:51 Moon Well
25:55 Moon Well
» items
                
                | Dust of Appearance | 1 |  | 
| Potion of Healing | 1 |  | 
| Potion of Mana | 1 |  | 
| Inferno Stone | 2 |  | 
| Ice Shard | 1 |  | 
| Book of the Dead | 1 |  | 
| Ankh of Reincarnation | 1 |  | 
| Potion of Divinity | 1 |  | 
| Scroll of Town Portal | 1 |  | 
                10 total
  
               
              
              
» 
quantum.x (
yellow | 95 APM | 2991 actions | 31:36)
              
 5 Archmage 
 3 Blizzard
 1 Brilliance Aura
 1 Summon Water Elemental
 
                » actions 
                
                | Assign group hotkey | 16 |  | 
| Basic commands | 199 |  | 
| Build / train | 69 |  | 
| Enter build submenu | 52 |  | 
| Enter hero's abilities submenu | 5 |  | 
| Remove unit from queue | 8 |  | 
| Right click | 1605 |  | 
| Select / deselect | 565 |  | 
| Select group hotkey | 392 |  | 
| Use ability | 80 |  | 
                2991 total
 » units 
                
                | Peasant | 15 |  | 
| Footman | 1 |  | 
| Rifleman | 8 |  | 
| Priest | 10 |  | 
| Mortar Team | 1 |  | 
| Siege Engine | 11 |  | 
                46 total
 » upgrades
                
                | Gunpowder | 1 |  | 
| Lumber Harvesting | 1 |  | 
| Long Rifles | 1 |  | 
| Armor | 1 |  | 
| Priest Training | 2 |  | 
| Flare | 0 |  | 
| Barrage | 1 |  | 
| Plating | 1 |  | 
                8 total
 » buildings
                
                | Altar of Kings | 1 |  | 
| Farm | 14 |  | 
| Barracks | 1 |  | 
| Blacksmith | 1 |  | 
| Lumber Mill | 2 |  | 
| Keep | 1 |  | 
| Arcane Vault | 1 |  | 
| Arcane Sanctum | 1 |  | 
| Workshop | 2 |  | 
| Castle | 1 |  | 
| Town Hall | 3 |  | 
| Scout Tower | 9 |  | 
| Guard Tower | 1 |  | 
                38 total
 » build order
                00:06 Altar of Kings
00:15 Farm
00:25 Farm
01:05 Barracks
01:37 Blacksmith
02:00 Lumber Mill
02:05 Farm
02:43 Farm
03:10 Farm
03:33 Farm
04:41 Keep
04:56 Arcane Vault
06:16 Farm
07:04 Arcane Sanctum
07:09 Farm
08:08 Farm
08:59 Workshop
11:12 Castle
11:23 Workshop
12:37 Farm
13:06 Farm
13:53 Farm
13:54 Farm
14:57 Farm
18:17 Town Hall
23:18 Scout Tower
23:26 Scout Tower
24:00 Town Hall
26:09 Lumber Mill
29:10 Scout Tower
29:11 Scout Tower
29:24 Scout Tower
29:26 Scout Tower
30:09 Town Hall
30:12 Scout Tower
30:16 Scout Tower
30:19 Scout Tower
30:57 Guard Tower
» items
                
                | Scroll of Regeneration | 1 |  | 
| Scroll of Town Portal | 1 |  | 
                2 total
  
               
              
              
SaintSilver (
red | 23 APM | 735 actions | 32:13)
              
 2 Keeper of the Grove 
 1 Force of Nature
 1 Thorns Aura
 2 Demon Hunter 
 1 Evasion
 1 Immolation
 1 Warden 
 1 Shadow Strike
 
                » actions 
                
                | Build / train | 90 |  | 
| Enter build submenu | 25 |  | 
| Enter hero's abilities submenu | 6 |  | 
| Remove unit from queue | 4 |  | 
| Right click | 259 |  | 
| Select / deselect | 307 |  | 
| Use ability | 43 |  | 
                735 total
 » units 
                
                | Wisp | 22 |  | 
| Archer | 14 |  | 
| Huntress | 5 |  | 
| Faerie Dragon | 35 |  | 
                76 total
 » buildings
                
                | Ancient of War | 1 |  | 
| Altar of Elders | 1 |  | 
| Moon Well | 7 |  | 
| Hunter's Hall | 1 |  | 
| Tree of Ages | 1 |  | 
| Ancient Protector | 3 |  | 
| Ancient of Wind | 1 |  | 
| Tree of Eternity | 1 |  | 
| Ancient of Wonders | 1 |  | 
| Tree of Life | 2 |  | 
| Chimaera Roost | 1 |  | 
                20 total
 » build order
                00:06 Ancient of War
00:11 Altar of Elders
00:25 Moon Well
04:59 Moon Well
05:14 Hunter's Hall
05:57 Moon Well
07:30 Tree of Ages
07:37 Ancient Protector
11:01 Ancient Protector
11:15 Moon Well
12:24 Ancient of Wind
13:32 Ancient Protector
13:34 Tree of Eternity
14:43 Ancient of Wonders
16:04 Moon Well
17:05 Moon Well
21:15 Tree of Life
23:45 Moon Well
29:03 Tree of Life
30:16 Chimaera Roost
 
                Chat log
          (00:25 / All) White.Rice: ALL YO BITCH ASS BELONG TO ME NOW
(00:32 / All) SaintSilver: ....
(00:35 / All) Spoons: shove a fat one if it
(00:44 / All) Spoons: in even
(00:55 / All) quantum.x: what?
(01:15 / All) brucewillisusa: i eat cum
(01:24 / All) White.Rice: your own
(01:27 / All) brucewillisusa: yes
(01:43 / All) Spoons: mmmm
(03:12 / All) Spoons: WE GOT A HEAVY HITTER
(03:24 / Allies) OrcRinds: ha
(04:00 / All) SaintSilver: gtfo
(04:16 / All) Spoons: u smell
(04:23 / All) Spoons: like wee wee
(04:45 / Allies) Spoons: lumber?
(05:08 / Allies) Marceaux: get it from Bruce.  He is only building towers
(05:13 / Allies) brucewillisusa: im teching
(05:25 / Allies) Spoons: thats a silly looking tech
(05:31 / Allies) Marceaux: right
(05:35 / Allies) Spoons: i got enough now
(05:35 / Allies) Spoons: ty
(07:23 / All) White.Rice: you noob
(07:27 / All) White.Rice: make a fucking tower and gaurd it
(07:35 / All) White.Rice: or a shop with dust
(08:31 / All) Spoons: calm down butterbuns
(08:59 / Allies) brucewillisusa: o.O
(09:08 / Allies) Spoons: wtf purplr
(09:12 / Allies) Spoons: are u teching to towers?
(09:14 / Allies) Spoons: come on man
(09:27 / Allies) Marceaux: he is a backstabber
(09:34 / Allies) brucewillisusa: no im not you noob
(09:43 / Allies) Marceaux: screws up his town then leaves
(09:56 / Allies) brucewillisusa: yeah thats why im expoing bottom left
(11:44 / Allies) brucewillisusa: will trade godl for wood
(11:56 / Allies) brucewillisusa: hwo much u want
(12:02 / Allies) Spoons: w/e u can give
(12:09 / Allies) Spoons: ty
(12:11 / Allies) brucewillisusa: k thx
(13:11 / Allies) brucewillisusa: plnety of siege
(13:12 / Allies) brucewillisusa: and aa
(13:40 / Allies) Spoons: mellee
(13:43 / Allies) Spoons: get melee
(15:05 / Allies) Spoons: gold me pruple?
(15:06 / Allies) Spoons: pls
(15:26 / Allies) brucewillisusa: i makin units now
(15:29 / Allies) brucewillisusa: somone take this expo
(17:08 / Allies) Spoons: SHITY
(17:36 / Allies) Spoons: nice pruple
(17:40 / Allies) Spoons: keep it up!
(17:41 / Allies) Marceaux: someone take this expo
(19:20 / Allies) Spoons: teal im out
(19:31 / Allies) Spoons: b man
(20:00 / Allies) Spoons: gold please
(20:02 / Allies) Spoons: i can give lumber
(20:46 / Allies) Spoons: purple
(20:46 / Allies) Spoons: tp
(23:12 / All) White.Rice: with wjat
(25:36 / Allies) brucewillisusa: they are gonna hit with all those tanks :[
(27:10 / Allies) Spoons: meet
(27:11 / Allies) Spoons: now
(27:11 / Allies) Spoons: all
(27:13 / Allies) Spoons: come
(27:54 / Allies) brucewillisusa: wood plz
(27:59 / Allies) Spoons: b
(28:15 / Allies) brucewillisusa: ty
(28:50 / All) White.Rice: make lots of towers if u get an expo yellow
(28:55 / All) brucewillisusa: k
(29:18 / Allies) Spoons: gold me
(29:19 / Allies) Spoons: please
(30:37 / All) brucewillisusa: do u guys liek towers
(30:44 / All) quantum.x: not anymore
(30:58 / Allies) Spoons: NOW
(31:18 / All) brucewillisusa: damn thats embarassing
(31:19 / All) quantum.x: wtf wtrfff
(31:22 / All) brucewillisusa: i completely forgot about items hops
(31:24 / All) brucewillisusa: shops
(31:38 / All) Spoons: gg
(31:43 / Allies) OrcRinds: I was on the phone what happened?
(31:47 / All) SaintSilver: wooow fking great xD
(31:50 / Allies) brucewillisusa: they suicided
(31:52 / Allies) brucewillisusa: on our right side base
(32:01 / Allies) brucewillisusa: also i kileld left side main
(32:03 / Allies) brucewillisusa: wiht sappers